 Dungeon Crawl Stone Soup version 0.19.1 (webtiles) character file.

34009 Hysic the Thaumaturge (level 13, -4/76 HPs)
             Began as a Gargoyle Earth Elementalist on Dec 24, 2016.
             Was a High Priest of Vehumet.
             Slain by a spiny frog (10 damage)
             ... on level 5 of the Lair of Beasts.
             The game lasted 01:34:39 (26997 turns).

Hysic the Thaumaturge (GrEE)                       Turns: 26997, Time: 01:34:40

Health: -4/76      AC: 20    Str: 12    XL:     13   Next: 74%
Magic:  39/39      EV: 14    Int: 21    God:    Vehumet [*****.]
Gold:   1100       SH:  0    Dex: 10    Spells: 4 memorised, 24 levels left

rFire  + . .     SeeInvis .     f - +9 whip
rCold  . . .     Gourm    .     H - +2 robe {rF+}
rNeg   + . .     Faith    .     (no shield)
rPois  ∞         Spirit   .     (no helmet)
rElec  +         Reflect  .     x - +2 cloak
rCorr  +         Harm     .     p - +2 pair of gloves
MR     +....                    (no boots)
Stlth  ++........               E - amulet of regeneration
                                j - ring of magical power
                                k - ring of resist corrosion

@: about to teleport
A: magic resistance 1, negative energy resistance 1, electricity resistance,
unbreathing, petrification resistance, rot immunity, AC +9
a: Renounce Religion


You were on level 5 of the Lair of Beasts.
You worshipped Vehumet.
Vehumet was extremely pleased with you.
You were not hungry.

You visited 3 branches of the dungeon, and saw 18 of its levels.
You also visited: Labyrinth.

You collected 1100 gold pieces.

Inventory:

Hand Weapons
 a - the +8 halberd of Prescription {vamp, +Blink rPois MP+9 Dex-2}
   (You took it off a minotaur in a labyrinth)

   It inflicts no extra harm, but heals its wielder when it wounds a living foe.
   It affects your dexterity (-2).
   It protects you from poison.
   It affects your magic capacity (+9).
   It lets you blink.
 f - a +9 whip (weapon)
 h - the +1 dagger "Undertaker" {pierce, rElec Int+4}
   (You found it on level 5 of the Dungeon)

   It inflicts extra damage upon your enemies.
   It affects your intelligence (+4).
   It insulates you from electricity.
 s - the +7 falchion "Juqucexi" {freeze, +Rage rPois Str-3 Int+6}
   (You found it in a labyrinth)

   It has been specially enchanted to freeze those struck by it, causing extra
   injury to most foes and up to half again as much damage against particularly
   susceptible opponents.
   It can also slow down cold-blooded creatures.
   It affects your strength (-3).
   It affects your intelligence (+6).
   It protects you from poison.
   It lets you go berserk.
 w - a +3 quarterstaff of chaos
 y - a +1 dire flail of protection
Missiles
 b - 381 stones (quivered)
Armour
 p - a +2 pair of gloves (worn)
 x - a +2 cloak (worn)
 H - a +2 robe of fire resistance (worn)
Jewellery
 e - an uncursed ring of flight
 j - a ring of magical power (right hand)
 k - a ring of resist corrosion (left hand)
 r - an uncursed ring of positive energy
 E - an amulet of regeneration (around neck)
Wands
 n - a wand of digging (8/24)
 v - a wand of digging (11/24)
 F - a wand of iceblast (0/15)
 K - a wand of iceblast (7/15)
 L - a wand of iceblast (9/15)
 N - a wand of slowing (18/48)
Scrolls
 c - 2 scrolls of enchant weapon
 m - 2 scrolls of magic mapping
 o - 6 scrolls of remove curse
 t - a scroll of fear
 I - 7 scrolls of identify
 M - a scroll of enchant armour
Potions
 g - 3 potions of lignification
 l - a potion of ambrosia
 q - 3 potions of cancellation
 u - 2 potions of mutation
 A - 3 potions of flight
 C - a potion of magic
Books
 J - a book of Battle

   Spells                             Type                      Level
   a - Infusion                       Charms                       1
   b - Shroud of Golubria             Charms/Translocation         2
   c - Song of Slaying                Charms                       2
   d - Spectral Weapon                Hexes/Charms                 3
   e - Regeneration                   Charms/Necromancy            3
Comestibles
 d - 7 bread rations
 i - 14 meat rations
 z - a beef jerky
 B - 21 fruits


   Skills:
 + Level 7.1 Fighting
 + Level 10.7 Maces & Flails
 + Level 7.2 Armour
 + Level 5.9 Dodging
 - Level 2.1 Stealth
 * Level 13.0 Spellcasting
 + Level 8.4 Conjurations
 - Level 0.7 Transmutations
 + Level 9.6 Earth Magic


You had 24 spell levels left.
You knew the following spells:

 Your Spells              Type           Power        Failure   Level  Hunger
a - Sandblast             Erth           ######       1%          1    None
b - Stone Arrow           Conj/Erth      ######       1%          3    None
c - Lee's Rapid Deconstr  Erth           ######....   1%          5    ####...
d - Irradiate             Conj/Tmut      ####......   7%          5    ####...


Dungeon Overview and Level Annotations

Branches:
Dungeon (11/15)            Temple (1/1) D:5            Lair (6/6) D:9
 Shoals (0/4) Lair:3       Spider (0/4) Lair:2        Slime (0/5) Lair:5
    Orc: D:9-12

Altars:
Ashenzari
Cheibriados
Dithmenos
Elyvilon
Fedhas
Gozag
Hepliaklqana
Kikubaaqudgha
Makhleb
Nemelex Xobeh
Okawaru
Qazlal
Ru
Sif Muna
Trog
Uskayaw
Vehumet
Xom
Yredelemnul
Zin
The Shining One

Shops:
D:7 (

Annotations:
Lair:2 exclusion: oklob plant


Innate Abilities, Weirdness & Mutations

You are resistant to torment.
Your stone body is resilient. (AC +9)
You are immune to poison.
You resist negative energy. (rN+)
You are resistant to electric shocks. (rElec)
You can survive without breathing.
You are immune to petrification.
You are immune to rotting.
You are resistant to hostile enchantments. (MR+)


Message History

The spiny frog stings you! The spiny frog misses you.
The spiny frog stings you but does no damage.
There is a stone staircase leading up here.
The spiny frog misses you. The spiny frog stings you.
You climb upwards.
There is a stone staircase leading down here.
Unknown command.
As you read the scroll of teleportation, it crumbles to dust.
You feel strangely unstable. The spiny frog stings you!
* * * LOW HITPOINT WARNING * * *
The spiny frog stings you!
* * * LOW HITPOINT WARNING * * *
The spiny frog misses you.
Unknown command.
You feel better. The spiny frog stings you!
* * * LOW HITPOINT WARNING * * *
The spiny frog completely misses you.
Unknown command.
The spiny frog stings you!
You die...

.....####........##
......# ####P..###
P.P..## ###.P# ...###
#..### P...# #....#
....# #####..####
....#######.###.###P#
.....#..............#
..#.............@F..##
...#.###........>..#.#
...##.#P........F....#
..#####P...#..#.#...##
..# ##########.####
P## ### ##


You could see 2 spiny frogs.

Vanquished Creatures
  A minotaur (Lab)
  2 hydras
  6 death yaks
  3 hill giants
  A cyclops (D:11)
  A centaur zombie (D:10)
  5 elephants
  6 black mambas
  2 gargoyles
  5 spiny frogs
  4 komodo dragons
  A rime drake (Lair:2)
  A merfolk (Lair:3)
  A troll (D:11)
  2 polar bears (Lair:4)
  A two-headed ogre (D:11)
  Prince Ribbit (D:6)
  3 blink frogs (Lair:4)
  2 slime creatures (Lair:5)
  7 dream sheep
  6 hippogriffs
  A vampire (D:9)
  2 shadows (Lab)
  A wraith (D:7)
  2 basilisks
  A wyvern (Lair:5)
  22 yaks
  2 hungry ghosts (D:9)
  Menkaure (D:7)
  Edmund (D:6)
  6 water moccasins
  13 porcupines
  2 sky beasts
  A necrophage (D:9)
  An orc warrior (D:10)
  2 ice beasts
  A phantom (D:9)
  An eye of draining (D:11)
  4 black bears
  4 wolves (Lair:3)
  10 ogres
  9 centaurs
  10 crocodiles
  5 big kobolds
  12 bullfrogs
  A wyvern zombie (D:11)
  2 scorpions
  3 wights (D:6)
  6 killer bees (D:9)
  3 electric eels
  6 crimson imps
  3 quasits
  8 jellies
  3 centaur skeletons
  5 hounds
  8 orc wizards
  A bullfrog skeleton (D:8)
  7 orc priests
  Crazy Yiuf (D:4)
  Jessica (D:3)
  3 iguanas
  5 worker ants
  A hound zombie (D:5)
  A hound skeleton (D:11)
  A howler monkey zombie (D:7)
  10 adders
  3 shadow imps
  An ooze (D:6)
  An adder zombie (D:8)
  2 adder skeletons
  5 worms
  7 leopard geckos
  31 orcs
  2 ball pythons (D:1)
  6 giant cockroaches
  9 goblins
  11 hobgoblins
  6 jackals
  8 quokkas
  10 bats
  3 frilled lizards (D:1)
  16 kobolds
  3 leopard gecko skeletons
  A quokka skeleton (D:5)
  A quokka zombie (D:9)
  9 rats
  A fungus (D:4)
390 creatures vanquished.

Vanquished Creatures (others)
  A crocodile (D:5)
  An orc priest (D:5)
  A worker ant (D:5)
  A gnoll (D:5)
  2 orcs (D:5)
  A ball python (D:5)
  7 fungi
  9 plants
23 creatures vanquished.

Grand Total: 413 creatures vanquished

Notes
Turn   | Place    | Note
-------+----------+-------------------------------------------
     0 | D:1      | Hysic the Gargoyle Earth Elementalist began the quest for the Orb.
     0 | D:1      | Reached XP level 1. HP: 10/10 MP: 3/3
   331 | D:1      | Reached XP level 2. HP: 15/15 MP: 3/5
   970 | D:1      | Reached XP level 3. HP: 19/19 MP: 5/7
   975 | D:1      | Learned a level 3 spell: Stone Arrow
  1446 | D:1      | Reached skill level 3 in Spellcasting
  2118 | D:2      | Reached XP level 4. HP: 24/24 MP: 5/8
  3133 | D:3      | Noticed Jessica
  3142 | D:3      | Killed Jessica
  3142 | D:3      | Reached skill level 4 in Spellcasting
  3142 | D:3      | Reached skill level 1 in Conjurations
  3142 | D:3      | Reached XP level 5. HP: 22/28 MP: 3/11
  4056 | D:4      | Learned a level 5 spell: Lee's Rapid Deconstruction
  4152 | D:4      | Reached skill level 5 in Earth Magic
  4486 | D:4      | Reached XP level 6. HP: 10/32 MP: 8/12
  5392 | D:4      | Reached skill level 5 in Spellcasting
  5445 | D:4      | Reached XP level 7. HP: 36/36 MP: 4/15
  5694 | D:4      | Found a runed door.
  5698 | D:4      | Noticed Crazy Yiuf
  5700 | D:4      | Killed Crazy Yiuf
  5880 | D:5      | Entered Level 5 of the Dungeon
  6129 | D:5      | Reached skill level 10 in Spellcasting
  6129 | D:5      | Reached XP level 8. HP: 41/41 MP: 16/22
  6487 | D:5      | Found a shimmering altar of Xom.
  6833 | D:5      | Got a polished dagger
  6835 | D:5      | Identified the +1 dagger "Undertaker" {pierce, rElec Int+4} (You found it on level 5 of the Dungeon)
  7182 | D:5      | Found a staircase to the Ecumenical Temple.
  7190 | Temple   | Entered the Ecumenical Temple
  7194 | Temple   | Became a worshipper of Vehumet
  7304 | D:5      | Reached XP level 9. HP: 29/46 MP: 23/23
  8089 | D:6      | Reached skill level 1 in Armour
  8215 | D:6      | Noticed Edmund
  8586 | D:6      | Killed Edmund
  9355 | D:6      | Noticed Prince Ribbit
  9363 | D:6      | Killed Prince Ribbit
  9363 | D:6      | Reached skill level 1 in Fighting
  9796 | D:7      | Found a glowing silver altar of Zin.
  9799 | D:7      | Found a snail-covered altar of Cheibriados.
  9801 | D:7      | Found an opulent altar of Gozag.
  9867 | D:7      | Found Losuf's Antique Weapon Shoppe.
  9981 | D:7      | Reached * piety under Vehumet
  9981 | D:7      | Offered knowledge of Sting by Vehumet.
 10078 | D:7      | Noticed Menkaure
 10116 | D:7      | Killed Menkaure
 10397 | D:7      | Reached XP level 10. HP: 53/53 MP: 9/24
 10767 | D:8      | Gained mutation: You are resistant to hostile enchantments. (MR+) [potion of beneficial mutation]
 11183 | D:8      | Found a glowing silver altar of Zin.
 11973 | D:8      | Reached ** piety under Vehumet
 12288 | D:9      | Found a staircase to the Lair.
 12316 | D:9      | Offered knowledge of Magic Dart by Vehumet.
 12730 | D:9      | Reached skill level 5 in Conjurations
 12850 | Lair:1   | Entered Level 1 of the Lair of Beasts
 13058 | Lair:1   | Noticed a spiny frog
 13063 | Lair:1   | Killed a spiny frog
 13106 | Lair:1   | Found a labyrinth entrance.
 13116 | Lab      | Entered a labyrinth
 13179 | Lab      | Found an exit through the horrors of the Abyss.
 13499 | Lab      | Noticed a minotaur
 13821 | Lab      | Killed a minotaur
 13825 | Lab      | Got a faintly glowing halberd {vamp}
 13881 | Lab      | Got a fine falchion
 13889 | Lab      | Learned a level 5 spell: Irradiate
 13889 | Lab      | Identified the +7 falchion "Juqucexi" {freeze, +Rage rPois Str-3 Int+6} (You found it in a labyrinth)
 15019 | D:9      | Noticed a hill giant
 15024 | D:9      | Killed a hill giant
 15024 | D:9      | Reached XP level 11. HP: 60/60 MP: 24/25
 15212 | D:9      | Found a faded altar of an unknown god.
 15212 | D:9      | Found a faded altar of an unknown god.
 15217 | D:9      | Found a bloodstained altar of Trog.
 15219 | D:9      | Found a faded altar of an unknown god.
 15220 | D:9      | Found a faded altar of an unknown god.
 15643 | D:9      | Offered knowledge of Searing Ray by Vehumet.
 15905 | D:10     | Entered Level 10 of the Dungeon
 16302 | D:10     | Reached skill level 11 in Spellcasting
 16603 | D:10     | Reached *** piety under Vehumet
 16902 | D:10     | Noticed a two-headed hydra
 16925 | D:10     | Killed a two-headed hydra
 17172 | D:11     | Noticed a hill giant
 17332 | D:11     | Killed a hill giant
 17449 | D:11     | Identified the +8 halberd of Prescription {vamp, +Blink rPois MP+9 Dex-2} (You took it off a minotaur in a labyrinth)
 17854 | D:11     | Reached skill level 5 in Fighting
 17874 | D:11     | Noticed a hill giant
 17878 | D:11     | Offered knowledge of Dazzling Spray by Vehumet.
 17904 | D:11     | Killed a hill giant
 18168 | D:11     | Reached skill level 5 in Armour
 18224 | D:11     | Reached XP level 12. HP: 68/68 MP: 27/27
 19013 | Lair:2   | Reached skill level 10 in Maces & Flails
 19210 | Lair:2   | Reached **** piety under Vehumet
 19645 | Lair:2   | Noticed a six-headed hydra
 19653 | Lair:2   | Killed a six-headed hydra
 19662 | Lair:2   | Reached skill level 12 in Spellcasting
 19684 | Lair:2   | Offered knowledge of Iskenderun's Battlesphere by Vehumet.
 19810 | Lair:2   | Found a hole to the Spider Nest.
 20845 | Lair:3   | Reached skill level 5 in Dodging
 21504 | Lair:3   | Found a staircase to the Shoals.
 21748 | Lair:4   | Reached XP level 13. HP: 75/75 MP: 29/29
 25869 | Lair:4   | Reached ***** piety under Vehumet
 25869 | Lair:4   | Offered knowledge of Force Lance by Vehumet.
 26666 | Lair:5   | Found a staircase to the Slime Pits.
 26684 | Lair:5   | Reached skill level 13 in Spellcasting
 26980 | Lair:6   | Entered Level 6 of the Lair of Beasts
 26997 | Lair:5   | Slain by a spiny frog

Skill      XL: |  1  2  3  4  5  6  7  8  9 10 11 12 13 |
---------------+----------------------------------------+-----
Earth Magic    | 4 5 6 7 8 9 |  9.6
Spellcasting   | 3 4 5 10 11 12 13 | 13.0
Conjurations   | 1 2 3 4 5 6 7 8 |  8.4
Maces & Flails | 8 9 10 | 10.7
Dodging        | 2 3 4 5 |  5.9
Armour         | 2 3 5 6 7 |  7.2
Fighting       | 1 3 5 6 7 |  7.1
Stealth        | |  2.1
Transmutations | |  0.7

Action                   |  1- 3 |  4- 6 |  7- 9 | 10-12 | 13-15 || total
-------------------------+-------+-------+-------+-------+-------++-------
Melee: Club              |    20 |       |       |       |       ||    20
       Short sword       |    17 |       |       |       |       ||    17
       Whip              |       |   183 |   199 |   808 |   426 ||  1616
 Cast: Sandblast         |    40 |    25 |       |       |     1 ||    66
       Stone Arrow       |     1 |     8 |    47 |    91 |    51 ||   198
       Lee's Rapid Decon |       |       |     3 |    18 |     8 ||    29
Evoke: Wand              |       |       |     2 |     7 |     1 ||    10
  Use: Scroll            |     5 |     7 |     7 |    16 |     8 ||    43
       Potion            |       |     1 |     3 |     9 |     5 ||    18
 Stab: Distracted        |     1 |       |       |       |     1 ||     2
       Sleeping          |       |     2 |     1 |       |       ||     3
  Eat: Chunk             |     2 |    10 |    12 |    20 |     9 ||    53
       Fruit             |     2 |       |     9 |     7 |     2 ||    20
       Beef jerky        |       |     1 |       |       |       ||     1
       Royal jelly       |       |       |     1 |       |       ||     1
       Bread ration      |       |       |       |     2 |       ||     2
       Pizza             |       |       |       |       |     6 ||     6
Armor: Robe              |    18 |    74 |    63 |   291 |   155 ||   601
       Skin              |       |       |     1 |       |       ||     1
Dodge: Dodged            |    43 |   104 |   105 |   386 |   232 ||   870
